 Dungeon Sprint DCSS version 0.26-a0-1184-g95e395e029 (webtiles) character file.

Game seed: 8226733082789607006

53 rocky1 the Digger (level 3, -2/26 HPs)
             Began as a Demigod Earth Elementalist on Dec 28, 2020.
             Slain by an ice beast (10 damage)
             ... in the Dungeon (Sprint VII: "The Pits").
             The game lasted 00:01:27 (446 turns).

rocky1 the Digger (Demigod Earth Elementalist)       Turns: 446, Time: 00:01:28

Health: -2/26      AC:  2    Str: 11    XL:     3   Next: 42%
Magic:  3/8        EV: 12    Int: 21    God:
Gold:   0          SH:  0    Dex: 16    Spells: 4/5 levels left

rFire    . . .     SeeInvis .   m - +2 falchion
rCold    . . .     Faith    .   (no shield)
rNeg     . . .     Spirit   .   c - +0 robe
rPois    .         Reflect  .   (no helmet)
rElec    .         Harm     .   (no cloak)
rCorr    .         Rampage  .   (no gloves)
Will     .....     NoTele   +   (no boots)
Stlth    ++........             (no amulet)
HPRegen  0.08/turn              (no ring)
MPRegen  0.11/turn              (no ring)

@: no status effects
A: high mp 1
a: no special abilities


You were in the Dungeon.
You visited 1 branch

Inventory:

Hand Weapons
 m - a +2 falchion (weapon)
Missiles
 b - 26 stones (quivered)
Armour
 c - a +0 robe (worn)
Scrolls
 i - a scroll of blinking
 j - 3 scrolls of remove curse
 k - 5 scrolls of amnesia
 l - a scroll of summoning
Potions
 a - 2 potions of invisibility
 d - a potion of curing
 e - a potion of heal wounds
 f - a potion of haste
 g - 4 potions of magic
 h - 3 potions of berserk rage


   Skills:
 - Level 1.7 Dodging
 - Level 1.7 Stealth
 - Level 1.7 Spellcasting
 - Level 0.8 Transmutations
 + Level 7.2 Earth Magic


You had 4 spell levels left.
You knew the following spells:

 Your Spells              Type           Power        Failure   Level
a - Sandblast             Erth           64%          1%          1

Your spell library contained the following spells:

 Spells                   Type           Power        Failure   Level
 Passwall                 Tmut/Erth      15%          4%          2
 Stone Arrow              Conj/Erth      34%          11%         3
 Petrify                  Tmut/Erth      18%          28%         4
 Lee's Rapid Deconstruct  Erth           16%          22%         5


Dungeon Overview and Level Annotations

Branches:
Dungeon (1/1)


Innate Abilities, Weirdness & Mutations

You have an increased reservoir of magic. (+10% MP)


Message History

Press: ? - help, Shift-Dir - straight line, f/p - ice beast
Aim: an ice beast (moderately wounded, 18% to evade)
The blast of sand hits the ice beast!
The ice beast is almost dead.
b - 27 stones The ice beast hits you.
The ice beast freezes you!
Ouch! That really hurt!
The ooze completely misses you.
You riposte.
You barely miss the ooze.
The quokka zombie bites you but does no damage.
The goblin closely misses you.
You riposte.
You barely miss the goblin.
Casting: Sandblast (safe; 1% risk of failure)
Confirm with . or Enter, or press ? or * to list all spells.
Aiming: Sandblast (safe; 1% risk of failure)
Press: ? - help, Shift-Dir - straight line, f/p - ice beast
Aim: an ice beast (almost dead, 18% to evade)
The blast of sand hits the ice beast.
The ice beast is almost dead.
b - 26 stones The ice beast hits you.
The ice beast freezes you!
You die...

##########'##.........
#.?..')))'.##......#..
##########.##.........
#...........'.........
#+#####'#####......#..
#..#...'.##.........
#..#)..#.#####'#####
#.J#####.##.......#
#.g@...#.##.......#
#.ZY...'.##.......#
#..########...<...#
#.. #.......# #..
#.......# ###
#.......# #########


You could see an ice beast, an ooze, a quokka zombie and a goblin.

Vanquished Creatures
  2 worker ants (D)
  An ooze (D)
  A bat (D)
  A hobgoblin (D)
5 creatures vanquished.

Notes
Turn   | Place    | Note
-------+----------+-------------------------------------------
     0 | D        | rocky1 the Demigod Earth Elementalist began the quest for
                  | the Orb.
     0 | D        | Reached XP level 1. HP: 14/14 MP: 5/5
    11 | D        | Noticed a worker ant
    15 | D        | Killed a worker ant
    16 | D        | Reached skill level 5 in Earth Magic
    16 | D        | Reached XP level 2. HP: 20/20 MP: 1/7
   109 | D        | Found a bloodstained altar of Trog.
   109 | D        | Found a shimmering blue altar of Sif Muna.
   109 | D        | Found a viscous altar of Jiyva.
   109 | D        | Found a hazy altar of Hepliaklqana.
   109 | D        | Found an opulent altar of Gozag.
   110 | D        | Found a glowing golden altar of the Shining One.
   110 | D        | Found a glowing silver altar of Zin.
   110 | D        | Found a basalt altar of Yredelemnul.
   110 | D        | Found a shimmering altar of Xom.
   110 | D        | Found an ornate altar of the Wu Jian Council.
   110 | D        | Found a sacrificial altar of Ru.
   110 | D        | Found a stormy altar of Qazlal.
   110 | D        | Found an iron altar of Okawaru.
   110 | D        | Found a sparkling altar of Nemelex Xobeh.
   110 | D        | Found a burning altar of Makhleb.
   110 | D        | Found a blossoming altar of Fedhas.
   110 | D        | Found a white marble altar of Elyvilon.
   110 | D        | Found a shadowy altar of Dithmenos.
   110 | D        | Found a snail-covered altar of Cheibriados.
   119 | D        | Found a corrupted altar of Lugonu.
   119 | D        | Found a radiant altar of Vehumet.
   119 | D        | Found a roughly hewn altar of Beogh.
   140 | D        | Reached skill level 6 in Earth Magic
   398 | D        | Reached skill level 7 in Earth Magic
   398 | D        | Reached XP level 3. HP: 26/26 MP: 5/8
   436 | D        | Noticed an ice beast
   446 | D        | Slain by an ice beast

Illustrated notes

Levels and vault maps discovered:
D:        pitsprint [storerooms_1, entrance_room_1, metal_vault_3, armoury_2,
          mini_pit_1, grid_room_1, main_hall_1, silver_pit, the_coven_1,
          the_vestibule_1, steel_vault_5, golden_pit, hallway_of_sentries,
          crystal_vault_6, iron_vault_3, final_vault]

Skill      XL: |  1  2 |
---------------+-------+-----
Earth Magic    | 5 7 |  7.2
Dodging        | |  1.7
Stealth        | |  1.7
Spellcasting   | |  1.7
Transmutations | |  0.8

Action                   || total
-------------------------++-------
Melee: Falchion          ||     4
 Cast: Sandblast         ||    14
Armor: Robe              ||     7
Dodge: Dodged            ||    12
       Rpst.: Falchion   ||     6

Table legend: (Time is in decaauts)
 A = Elapsed time spent in this place.
 B = Non-inter-level travel time spent in this place.
 C = Inter-level travel time spent in this place.
 D = Time resting spent in this place.
 E = Time spent auto-exploring this place.
 F = Levels seen in this place.
 G = Mean time per level.
                   A        B        C        D        E       F      G
               +--------+--------+--------+--------+--------+-----+--------+
         Total |    446 |    446 |      0 |    333 |      0 |   1 |  446.0 |
       Dungeon |    446 |    446 |      0 |    333 |      0 |   1 |  446.0 |
               +--------+--------+--------+--------+--------+-----+--------+

Top non-repeatable levels by time:
       D: 446 daAuts
